[Event "Titled Tuesday Blitz June 27 Early 2023"]
[White "Vlassov, Nikolai"]
[Black "Beerdsen, Thomas"]
[WhiteFideId "4103360"]
[BlackFideId "1030108"]
[WhiteElo "2612"]
[BlackElo "2827"]
[Result "1-0"]
[Round "6"]
[TimeControl "180+2"]
[Date "2023.06.27"]
[WhiteClock "0:00:05"]
[BlackClock "0:00:17"]
[Board "34"]

1. e4 e5 2. Bc4 Nf6 3. d3 c6 4. Nf3 d5 5. Bb3 Bb4+ 6. c3 Bd6 7. Bg5 Be6 8. d4 dxe4 9. Nxe5 Bxe5 10. dxe5 Qxd1+ 11. Bxd1 Nfd7 12. Bf4 Nc5 13. Bc2 Nba6 14. O-O O-O-O 15. Nd2 Nd3 16. Bg5 Rd5 17. Nxe4 Nxe5 18. Bb3 Rd7 19. Bxe6 fxe6 20. Rad1 Rd5 21. Rfe1 Nb8 22. Nd6+ Kc7 23. Bf4 Ng6 24. Nf7+ Nxf4 25. Nxh8 Rf5 26. g3 Nh3+ 27. Kg2 Nxf2 28. Rd4 e5 29. Rh4 Nd3 30. Re3 Nxb2 31. Rxh7 Nc4 32. Rxg7+ Kb6 33. Rf3 Rh5 34. Nf7 e4 35. Rf4 Ne3+ 36. Kg1 Nd5 37. Rxe4 Nxc3 38. Rb4+ Ka6 39. Rb3 Ne2+ 40. Kg2 Nd4 41. Ra3+ Kb6 42. Nd8 Nb5 43. Rxb7+ Kc5 44. Raxa7 Nxa7 45. Rxb8 Nb5 46. Rc8 Nd4 47. h4 Re5 48. g4 Re4 49. Kg3 Re3+ 50. Kf4 Rf3+ 51. Kg5 Rf1 52. h5 Nf3+ 53. Kh6 Ne5 54. g5 Kd6 55. g6 Kd7 56. Ra8 Rh1 57. Nf7 Ke6 58. Re8+ Kf6 59. Rxe5 c5 60. Rxc5 Ke7 61. Rc6 Kf8 62. Rc8+ Ke7 63. g7 Re1 64. g8=Q Re6+ 65. Qg6 Rf6 66. Qxf6+ Kd7 67. Ng5 Kxc8 68. Kg6 1-0


[Site "https://www.chess.com"]

[Event "Titled Tuesday Blitz June 27 Early 2023"]
[White "Kantor, Gergely"]
[Black "Jones, Gawain C B"]
[WhiteFideId "751499"]
[BlackFideId "409561"]
[WhiteElo "2739"]
[BlackElo "2938"]
[Result "1-0"]
[Round "6"]
[TimeControl "180+2"]
[Date "2023.06.27"]
[WhiteClock "0:00:10"]
[BlackClock "0:00:02"]
[Board "35"]

1. d4 d5 2. Nf3 e6 3. c4 a6 4. Qc2 Be7 5. Bf4 Nc6 6. e3 Nf6 7. Nc3 Nh5 8. Be5 f6 9. Bg3 g6 10. Qb3 Na5 11. Qa4+ Bd7 12. Qc2 Nxc4 13. Bxc4 dxc4 14. a4 b5 15. axb5 Nxg3 16. hxg3 axb5 17. O-O Kf7 18. e4 b4 19. Ne2 Bb5 20. Rad1 c6 21. Rfe1 Ba4 22. Qxc4 Bxd1 23. Rxd1 Qc8 24. Nf4 g5 25. Nd3 Rd8 26. g4 Qa6 27. Qc2 b3 28. Qe2 c5 29. d5 exd5 30. exd5 Rxd5 31. Qe4 Qe6 32. Qxh7+ Kf8 33. Re1 Qf7 34. Qh8+ Qg8 35. Qh6+ Qg7 36. Qxg7+ Kxg7 37. Rxe7+ Kf8 38. Re3 c4 39. Nb4 Rd6 40. Rc3 Ra4 41. Rxc4 Ke8 42. Nd4 Kd7 43. Nxb3 Ra8 44. Nc5+ Ke7 45. Nbd3 Rh8 46. g3 Kf7 47. Kg2 Rb6 48. b4 Rc6 49. b5 Rb6 50. Rb4 Rd8 51. Na4 Rbb8 52. Ndc5 Rd2 53. b6 Ke7 54. b7 Ra2 55. Na6 Rxb7 56. Rxb7+ Kd6 57. N6c5 Ke5 58. Rb6 f5 59. Re6+ Kd5 60. gxf5 g4 61. Re8 Ra1 62. f6 Kc6 63. f7 Kb5 64. f8=Q Kc4 65. Qf7+ Kb4 66. Re4+ Ka5 67. Qa7+ 1-0


[Site "https://www.chess.com"]

[Event "Titled Tuesday Blitz June 27 Early 2023"]
[White "Renjith, Sravan"]
[Black "Vokhidov, Shamsiddin"]
[WhiteFideId "4306783"]
[BlackFideId "14204223"]
[WhiteElo "2739"]
[BlackElo "2927"]
[Result "1-0"]
[Round "6"]
[TimeControl "180+2"]
[Date "2023.06.27"]
[WhiteClock "0:00:23"]
[BlackClock "0:00:14"]
[Board "36"]

1. Nf3 c5 2. c4 g6 3. Nc3 Bg7 4. e3 Nf6 5. d4 cxd4 6. exd4 O-O 7. Be2 d5 8. O-O Nc6 9. Ne5 dxc4 10. Nxc6 bxc6 11. Bxc4 Bg4 12. f3 Bf5 13. Be3 Rb8 14. Qe2 Qa5 15. a3 Rfd8 16. b4 Qc7 17. Rac1 Nh5 18. g4 Nf4 19. Qd2 Bxd4 20. Bxd4 e5 21. gxf5 Rxd4 22. Qa2 Rbd8 23. Rcd1 gxf5 24. Kh1 Rxd1 25. Nxd1 Rd6 26. Ne3 Qd7 27. Qf2 Rd2 28. Rg1+ Ng6 29. Qh4 f4 30. Rxg6+ hxg6 31. Ng4 Rd1+ 32. Kg2 Rd2+ 33. Kh1 Qd4 34. Nf6+ Kg7 35. Qh7+ Kxf6 36. Qxf7+ Kg5 37. Qe7+ Kh5 38. Qh7+ Kg5 39. h4+ Kf6 40. Qf7# 1-0


[Site "https://www.chess.com"]

[Event "Titled Tuesday Blitz June 27 Early 2023"]
[White "Ter-Sahakyan, Samvel"]
[Black "Yuan, Qingyu"]
[WhiteFideId "13302531"]
[BlackFideId "8609772"]
[WhiteElo "2897"]
[BlackElo "2727"]
[Result "1-0"]
[Round "6"]
[TimeControl "180+2"]
[Date "2023.06.27"]
[WhiteClock "0:01:48"]
[BlackClock "0:00:25"]
[Board "37"]

1. d4 Nf6 2. c4 e6 3. Nf3 d5 4. Nc3 c5 5. cxd5 Nxd5 6. e4 Nxc3 7. bxc3 cxd4 8. cxd4 Bb4+ 9. Bd2 Bxd2+ 10. Qxd2 O-O 11. Bc4 Nd7 12. O-O b6 13. Rad1 Bb7 14. Rfe1 Rc8 15. Bb3 h6 16. h3 Re8 17. Re3 Nf6 18. Qe1 Qc7 19. d5 exd5 20. e5 Ne4 21. Nd4 Rxe5 22. f3 Rce8 23. fxe4 Rxe4 24. Rxe4 dxe4 25. Qe3 Kh8 26. Nf5 Qe5 27. Nd6 Re7 28. Nxf7+ Rxf7 29. Bxf7 Qe7 30. Bg6 Bc6 31. Qd4 1-0


[Site "https://www.chess.com"]

[Event "Titled Tuesday Blitz June 27 Early 2023"]
[White "Chigaev, Maksim"]
[Black "Postny, Evgeny"]
[WhiteFideId "4108116"]
[BlackFideId "2804344"]
[WhiteElo "2895"]
[BlackElo "2722"]
[Result "1/2-1/2"]
[Round "6"]
[TimeControl "180+2"]
[Date "2023.06.27"]
[WhiteClock "0:00:08"]
[BlackClock "0:00:05"]
[Board "38"]

1. e4 e5 2. Nf3 Nc6 3. Bc4 Nf6 4. d3 Be7 5. a4 d6 6. Nc3 O-O 7. O-O Be6 8. Nd5 Bxd5 9. exd5 Nb4 10. d4 e4 11. Nd2 Nbxd5 12. Nxe4 c6 13. Nxf6+ Nxf6 14. d5 Qd7 15. h3 cxd5 16. Bxd5 Nxd5 17. Qxd5 Qc6 18. Qd3 Rac8 19. Re1 Bf6 20. c3 d5 21. Be3 Rfd8 22. Bxa7 b6 23. Qb5 Rd6 24. Qxc6 Rdxc6 25. a5 bxa5 26. Rxa5 d4 27. Bxd4 Bxd4 28. cxd4 Rb6 29. Rc5 Rd8 30. Rc7 Rxb2 31. Ree7 Rf8 32. d5 Rd2 33. Rcd7 g6 34. g4 h6 35. Kg2 Kg7 36. h4 Kf6 37. Re3 g5 38. h5 Kg7 39. Kg3 Rd4 40. Rf3 Rd2 41. Rf5 Rd3+ 42. Kg2 Rd2 43. Re5 Rd4 44. Kg3 Rd3+ 45. f3 Rd2 46. Re6 Rd4 47. Rg6+ Kh7 48. d6 Rd2 49. Rf6 Kg7 50. Rf5 Rd1 51. Re5 Rg1+ 52. Kf2 Rd1 53. Re6 Rd2+ 54. Ke3 Rd1 55. Rg6+ Kh7 56. Re7 Re1+ 57. Kf2 Rxe7 58. dxe7 Re8 59. Ra6 Rxe7 60. f4 gxf4 61. Kf3 Kg7 62. Kxf4 Rb7 63. Ra4 Rb5 64. Re4 Rc5 65. Ra4 Rb5 66. Re4 Rc5 67. Ra4 Rb5 1/2-1/2


[Site "https://www.chess.com"]

[Event "Titled Tuesday Blitz June 27 Early 2023"]
[White "Henriquez Villagra, Cristobal"]
[Black "Cherniaiev, Tykhon"]
[WhiteFideId "3409350"]
[BlackFideId "14182360"]
[WhiteElo "2893"]
[BlackElo "2710"]
[Result "1-0"]
[Round "6"]
[TimeControl "180+2"]
[Date "2023.06.27"]
[WhiteClock "0:00:10"]
[BlackClock "0:00:07"]
[Board "39"]

1. d3 d5 2. Nf3 Nf6 3. g3 g6 4. Bg2 Bg7 5. O-O O-O 6. c4 c5 7. cxd5 Nxd5 8. Nc3 Nxc3 9. bxc3 Nc6 10. Rb1 Qa5 11. c4 Qxa2 12. Be3 Qa5 13. Rb5 Qc7 14. Rxc5 Bd7 15. Bf4 Qc8 16. h4 b6 17. Rg5 e5 18. Nxe5 Nxe5 19. Bxa8 Qxa8 20. Rxe5 Bxe5 21. Bxe5 Bh3 22. e4 Bxf1 23. Kxf1 Rd8 24. Bf6 Rd6 25. Qf3 Qc6 26. Bb2 b5 27. Bc3 a5 28. Qe3 bxc4 29. d4 f6 30. d5 Qb5 31. Kg2 Qb1 32. Qf4 Qb6 33. g4 a4 34. g5 Kf7 35. gxf6 a3 36. Qh6 Rxf6 37. Qxh7+ Ke8 38. Bxf6 Qxf6 39. Qa7 Qb2 40. d6 Qe5 41. Qc7 Qxe4+ 42. Kg3 Qe5+ 43. Kg2 Qe4+ 44. f3 Qe2+ 45. Kg3 Qe5+ 46. Kh3 Qf5+ 47. Kg2 Qd7 48. Qb8+ Kf7 49. Qb4 a2 50. Qxc4+ Qe6 51. Qa6 Qf6 52. Qa7+ Kf8 53. Qa8+ Kg7 54. Qa7+ Kh6 55. d7 a1=Q 56. Qxa1 Qxa1 57. d8=Q Qb2+ 58. Kh3 Qe5 59. Qf8+ Kh7 60. Qf7+ Kh6 61. Kg4 Qc5 62. Qf6 Qc8+ 63. Kg3 Kh7 64. Qf7+ Kh6 65. Qe7 Qb8+ 66. Kg4 Qc8+ 67. Kg3 Qb8+ 68. f4 Qb3+ 69. Kg4 Qd1+ 70. Kg3 Qd3+ 71. Kf2 Qd2+ 72. Kf3 Qd3+ 73. Qe3 Qf1+ 74. Kg3 Qc4 75. f5+ Kg7 76. Qe7+ Qf7 77. f6+ Kg8 78. Qe5 Kh7 79. Kg4 Qd7+ 80. Kf4 Qf7 81. Qe7 Kg8 82. Qxf7+ Kxf7 83. Kg5 Kf8 84. Kxg6 Kg8 85. h5 Kh8 86. Kf7 Kh7 87. Ke7 Kh8 88. f7 Kh7 89. h6 Kg6 90. f8=Q Kh7 91. Qg7# 1-0


[Site "https://www.chess.com"]

[Event "Titled Tuesday Blitz June 27 Early 2023"]
[White "Steinberg, Nitzan"]
[Black "Gedajlovic, Max"]
[WhiteFideId "2801795"]
[BlackFideId "2616840"]
[WhiteElo "2888"]
[BlackElo "2706"]
[Result "1-0"]
[Round "6"]
[TimeControl "180+2"]
[Date "2023.06.27"]
[WhiteClock "0:00:02"]
[BlackClock "0:00:00"]
[Board "40"]

1. Nf3 d5 2. g3 g6 3. Bg2 Bg7 4. d4 c6 5. O-O Nf6 6. b3 O-O 7. Bb2 a5 8. c4 Bf5 9. Nbd2 Qc8 10. cxd5 cxd5 11. Rc1 Nc6 12. Ne5 Bh3 13. Nxc6 bxc6 14. Bxh3 Qxh3 15. Rxc6 Ng4 16. Nf3 h5 17. Re1 h4 18. e3 Rfc8 19. Rxc8+ Rxc8 20. Qe2 hxg3 21. hxg3 Bf6 22. Rc1 Rb8 23. Qf1 Qh5 24. Qg2 a4 25. Rc3 axb3 26. Rxb3 Ra8 27. Ba3 Qf5 28. Ne1 Bg5 29. Qf3 Qd7 30. Nd3 Nf6 31. Kg2 Qc7 32. Nc5 e6 33. Qe2 Qc6 34. Bc1 Bh6 35. a4 Bf8 36. Qb5 Qc8 37. Ba3 Qc7 38. Bb2 Qa7 39. Rb4 Ne4 40. Rb3 Nxc5 41. dxc5 Qxc5 42. Bd4 Qc4 43. a5 Rxa5 44. Qxa5 Qxb3 45. Qd8 Qb4 46. Qf6 e5 47. Qxe5 f6 48. Qxf6 1-0


[Site "https://www.chess.com"]

[Event "Titled Tuesday Blitz June 27 Early 2023"]
[White "Zhigalko, Sergei"]
[Black "Jaracz, Pawel"]
[WhiteFideId "13502956"]
[BlackFideId "1102222"]
[WhiteElo "2884"]
[BlackElo "2695"]
[Result "1-0"]
[Round "6"]
[TimeControl "180+2"]
[Date "2023.06.27"]
[WhiteClock "0:00:03"]
[BlackClock "0:00:00"]
[Board "41"]

1. e4 d6 2. d4 Nf6 3. Nc3 e5 4. Nf3 Nbd7 5. Bc4 Be7 6. O-O O-O 7. Re1 c6 8. a4 h6 9. h3 Re8 10. Ba2 a5 11. Be3 exd4 12. Bxd4 Nf8 13. Qd2 Be6 14. Rad1 Bxa2 15. Nxa2 Ne6 16. Bc3 Nc5 17. Qf4 Qb6 18. b3 Rad8 19. Bd4 d5 20. exd5 Nxd5 21. Qg3 Bf6 22. Be5 Bxe5 23. Nxe5 Qc7 24. Nc1 Nf6 25. Nc4 Qxg3 26. fxg3 Rxd1 27. Rxd1 Nfe4 28. Re1 Ra8 29. g4 b5 30. Nb2 bxa4 31. Nxa4 Rd8 32. Nxc5 Nxc5 33. Re5 Rd1+ 34. Kh2 Nd7 35. Re8+ Kh7 36. Nd3 Rd2 37. Re7 Nf6 38. Rxf7 Rxc2 39. Nf4 Nd5 40. Ne6 Ne3 41. Rxg7+ Kh8 42. Kg3 Rb2 43. Rb7 Rxg2+ 44. Kf3 1-0


[Site "https://www.chess.com"]

[Event "Titled Tuesday Blitz June 27 Early 2023"]
[White "Rakhmanov, Aleksandr"]
[Black "Arhan_Anand"]
[WhiteFideId "4173708"]
[WhiteElo "2865"]
[BlackElo "2694"]
[Result "0-1"]
[Round "6"]
[TimeControl "180+2"]
[Date "2023.06.27"]
[WhiteClock "0:00:37"]
[BlackClock "0:00:55"]
[Board "42"]

1. d4 d5 2. c4 c6 3. cxd5 cxd5 4. Nf3 Nf6 5. Nc3 Nc6 6. Bf4 a6 7. Ne5 Bf5 8. e3 Rc8 9. Qb3 Na5 10. Qa4+ Bd7 11. Nxd7 Nxd7 12. Nxd5 e6 13. Nc3 b5 14. Nxb5 axb5 15. Bxb5 Nb7 16. O-O Bd6 17. Bg5 f6 18. Bh4 Ke7 19. e4 Nb6 20. Qa7 Qc7 21. e5 Bb4 22. Rac1 Qxc1 23. Qxb7+ Qc7 24. Qf3 Nd5 25. a3 Ba5 26. Qg4 Rhg8 27. Qh5 Qc2 28. b4 Bb6 29. exf6+ gxf6 30. Re1 Rxg2+ 31. Kh1 Nf4 32. Qh6 Qf5 33. d5 Rcg8 34. d6+ Kxd6 35. Bxf6 Rg1+ 36. Rxg1 Qe4+ 37. f3 Qxf3+ 38. Rg2 Qxg2# 0-1


[Site "https://www.chess.com"]

[Event "Titled Tuesday Blitz June 27 Early 2023"]
[White "Drozdowski, Kacper"]
[Black "djokovic74"]
[WhiteFideId "1136720"]
[WhiteElo "2842"]
[BlackElo "2684"]
[Result "1-0"]
[Round "6"]
[TimeControl "180+2"]
[Date "2023.06.27"]
[WhiteClock "0:00:17"]
[BlackClock "0:00:03"]
[Board "43"]

1. e4 e6 2. d4 d5 3. Nd2 c5 4. exd5 Qxd5 5. dxc5 Nf6 6. Ngf3 Qxc5 7. Bd3 Nbd7 8. Qe2 Qc7 9. O-O Nc5 10. Bc4 Be7 11. c3 O-O 12. Nb3 b6 13. Bg5 Bb7 14. Rad1 h6 15. Bh4 Rad8 16. Bg3 Qc8 17. Nxc5 Qxc5 18. Bd3 Qc6 19. Rfe1 Bc5 20. Bb5 Qc8 21. Bh4 Be7 22. a4 Rxd1 23. Rxd1 Rd8 24. Kf1 Kf8 25. Ne5 Rxd1+ 26. Qxd1 a6 27. Be2 Ne8 28. Nd7+ Kg8 29. Bxe7 f6 30. Ba3 Qc7 31. Kg1 Bc6 32. Nf8 b5 33. axb5 axb5 34. Nxe6 Qe5 35. Nd4 Bb7 36. Bf1 Nc7 37. Qe2 Qd5 38. Nxb5 Ne6 39. Qe3 Ng5 40. h4 Ne6 41. Nd4 Nc7 42. c4 Qd7 43. c5 Nd5 44. Qe6+ Qxe6 45. Nxe6 Kf7 46. Nd8+ Ke8 47. Nxb7 1-0


[Site "https://www.chess.com"]

[Event "Titled Tuesday Blitz June 27 Early 2023"]
[White "Khoroshev, Nikita"]
[Black "Grigoriants, Sergey"]
[WhiteFideId "14200287"]
[BlackFideId "4130804"]
[WhiteElo "2679"]
[BlackElo "2839"]
[Result "0-1"]
[Round "6"]
[TimeControl "180+2"]
[Date "2023.06.27"]
[WhiteClock "0:00:07"]
[BlackClock "0:00:26"]
[Board "44"]

1. Nf3 d5 2. g3 g6 3. d4 Bg7 4. Bg2 Nf6 5. O-O O-O 6. c4 dxc4 7. Na3 c3 8. bxc3 c5 9. Ne5 Nfd7 10. f4 cxd4 11. cxd4 Nxe5 12. dxe5 Nc6 13. Be3 Be6 14. Qa4 f6 15. Rfd1 Qc8 16. exf6 Bxf6 17. Rac1 Rd8 18. Rxd8+ Qxd8 19. Qb5 Nd4 20. Bxd4 Qxd4+ 21. Kf1 Qb2 22. Rc7 Qxa3 23. Rxb7 Rd8 24. Rb8 Rxb8 25. Qxb8+ Kg7 26. Bf3 Qxa2 27. g4 Qa3 28. g5 Bd4 29. Kg2 Qe3 30. Qb1 Qxf4 31. h4 Qxh4 0-1


[Site "https://www.chess.com"]

[Event "Titled Tuesday Blitz June 27 Early 2023"]
[White "Korchmar, Vasiliy"]
[Black "Sethuraman, S.P."]
[WhiteFideId "24131750"]
[BlackFideId "5021596"]
[WhiteElo "2682"]
[BlackElo "2810"]
[Result "1/2-1/2"]
[Round "6"]
[TimeControl "180+2"]
[Date "2023.06.27"]
[WhiteClock "0:00:04"]
[BlackClock "0:00:05"]
[Board "45"]

1. e4 c5 2. d4 cxd4 3. Qxd4 Nc6 4. Qd3 d6 5. Nc3 Nf6 6. Nf3 g6 7. Be2 Bg7 8. O-O O-O 9. Nd5 Be6 10. c3 Rc8 11. Bg5 Nd7 12. Rad1 h6 13. Bh4 Re8 14. h3 Qa5 15. Qb1 Nb6 16. b4 Qa3 17. Bb5 Bf8 18. Rd3 Nxd5 19. exd5 Bf5 20. dxc6 bxc6 21. Bc4 d5 22. Bb3 e5 23. Nh2 Bxd3 24. Qxd3 f5 25. f4 e4 26. Qd2 Bg7 27. Bf2 Rcd8 28. Be3 a5 29. Kh1 axb4 30. cxb4 Kh7 31. Bd4 Bxd4 32. Qxd4 Qa6 33. Rd1 Qe2 34. Nf1 e3 35. Qf6 Rd7 36. Ng3 Qf2 37. Nxf5 e2 38. Rg1 e1=Q 39. Rxe1 Rxe1+ 40. Kh2 Qg1+ 41. Kg3 Re3+ 42. Nxe3 Qxe3+ 43. Kh2 Qe4 44. a4 Qxb4 45. Bc2 Qd6 46. Bxg6+ Kg8 47. Bf7+ Kf8 48. Be6+ Ke8 49. Qg6+ Ke7 50. Qf7+ Kd8 51. Bxd7 Qxd7 52. Qf6+ Kc7 53. Qe5+ Kb7 54. Qd4 Qd6 55. Kg1 c5 56. Qg7+ Kb6 57. f5 d4 58. f6 d3 59. f7 d2 60. Qb2+ Ka6 61. Qxd2 Qxd2 62. f8=Q Qd4+ 63. Kh2 Qe5+ 64. Kg1 Qd4+ 65. Kh1 Qd1+ 66. Kh2 Qxa4 67. Qa8+ Kb5 68. Qe8+ Kb4 69. Qe1+ Kb5 70. Qe8+ Kb4 71. Qe1+ Kb3 72. Qd1+ Kb4 73. Qe1+ 1/2-1/2


[Site "https://www.chess.com"]

[Event "Titled Tuesday Blitz June 27 Early 2023"]
[White "Eugene, Floryan"]
[Black "Gharibyan, Mamikon"]
[WhiteFideId "20694784"]
[BlackFideId "13308300"]
[WhiteElo "2668"]
[BlackElo "2807"]
[Result "1-0"]
[Round "6"]
[TimeControl "180+2"]
[Date "2023.06.27"]
[WhiteClock "0:00:37"]
[BlackClock "0:00:12"]
[Board "46"]

1. b3 g6 2. Bb2 Nf6 3. Bxf6 exf6 4. c4 f5 5. Nc3 Bg7 6. Rc1 O-O 7. g3 c6 8. Bg2 a6 9. e3 b5 10. c5 a5 11. d4 Ba6 12. Nge2 d6 13. cxd6 Qxd6 14. O-O Nd7 15. Nf4 Rac8 16. Qe2 Rfe8 17. Rfd1 Qb8 18. Qd2 c5 19. Ncd5 b4 20. h4 h5 21. a3 Bb7 22. axb4 cxb4 23. Rxc8 Qxc8 24. Rc1 Qd8 25. Nc7 Bxg2 26. Nxe8 Be4 27. Nd6 Bf8 28. Nxe4 fxe4 29. Qc2 Nf6 30. Qc7 Qe8 31. Qc6 Qd8 32. Qc7 Qe8 33. Qxa5 Ng4 34. Qa6 Kg7 35. Rc7 Be7 36. Qb7 Bd8 37. Rd7 1-0


[Site "https://www.chess.com"]

[Event "Titled Tuesday Blitz June 27 Early 2023"]
[White "Zochowski, Kacper"]
[Black "Maksimovic, Bojan"]
[WhiteFideId "1125494"]
[BlackFideId "14408120"]
[WhiteElo "2655"]
[BlackElo "2773"]
[Result "0-1"]
[Round "6"]
[TimeControl "180+2"]
[Date "2023.06.27"]
[WhiteClock "0:00:02"]
[BlackClock "0:00:53"]
[Board "47"]

1. Nf3 g6 2. c4 Bg7 3. Nc3 d6 4. b3 e5 5. Bb2 Nf6 6. d3 O-O 7. g3 Nc6 8. Bg2 a5 9. O-O h6 10. e4 Bg4 11. Nd5 Nd7 12. h3 Bxf3 13. Bxf3 Nd4 14. Bg2 c6 15. Ne3 Nc5 16. Bxd4 exd4 17. Ng4 h5 18. Nh2 Qb6 19. Rb1 Qb4 20. g4 hxg4 21. Nxg4 a4 22. Qf3 axb3 23. axb3 Ra2 24. Nf6+ Bxf6 25. Qxf6 Nxd3 26. Qxd4 Ne5 27. h4 Rd2 28. Qe3 Kg7 29. h5 gxh5 30. Qg5+ Ng6 31. Qxh5 Rh8 32. Qg5 Qc3 33. Rbd1 Rxd1 34. Rxd1 Qxb3 35. Rxd6 Qxc4 36. Rxg6+ fxg6 37. Qe5+ Kh7 38. Qe7+ Kh6 39. Qh4+ Kg7 40. Qe7+ Qf7 41. Qe5+ Kh7 42. Qh2+ Kg8 43. Qb8+ Kg7 44. Qe5+ Qf6 45. Qc7+ Kg8 46. Qb8+ Kf7 47. Qxb7+ Qe7 48. Qxc6 Rd8 49. Qc4+ Qe6 50. Qc7+ Rd7 51. Qf4+ Qf6 52. Qe3 g5 53. Bf3 Qf4 54. Qb3+ Kg7 55. Qc3+ Kh7 56. Qc6 Rf7 57. Bh5 Qxf2+ 58. Kh1 Qf1+ 59. Kh2 Rf2+ 60. Kg3 Qg2# 0-1


[Site "https://www.chess.com"]

[Event "Titled Tuesday Blitz June 27 Early 2023"]
[White "Atakhan, Abtin"]
[Black "Xu, Yi"]
[WhiteFideId "22502203"]
[BlackFideId "8605564"]
[WhiteElo "2740"]
[BlackElo "2750"]
[Result "1-0"]
[Round "6"]
[TimeControl "180+2"]
[Date "2023.06.27"]
[WhiteClock "0:01:10"]
[BlackClock "0:00:00"]
[Board "48"]

1. Nf3 d5 2. g3 Nd7 3. d4 Nb6 4. b3 Bf5 5. Nh4 Be4 6. f3 Bg6 7. Ba3 Nf6 8. Nc3 e6 9. Bxf8 Rxf8 10. Qd2 Qd7 11. a4 a6 12. a5 Nc8 13. Nxg6 hxg6 14. e4 Ne7 15. e5 Nfg8 16. Na4 Nf5 17. Nc5 Qc6 18. Ra4 Nge7 19. Be2 Rh8 20. g4 Ng3 21. Rg1 Nxe2 22. Qxe2 g5 23. Qd2 Ng6 24. Qxg5 Rxh2 25. Kd1 Qb5 26. Nd3 Kd7 27. Kc1 Rah8 28. Kb1 Re2 29. f4 Rhh2 30. Nc5+ Kc8 31. f5 Rxc2 32. fxg6 Rxc5 33. Qe3 Rcc2 34. gxf7 Rb2+ 35. Ka1 1-0


[Site "https://www.chess.com"]

[Event "Titled Tuesday Blitz June 27 Early 2023"]
[White "Sowul, Bartosz"]
[Black "Asavasaetakul, Chawit"]
[WhiteFideId "1137590"]
[BlackFideId "6204856"]
[WhiteElo "2600"]
[BlackElo "2629"]
[Result "1-0"]
[Round "6"]
[TimeControl "180+2"]
[Date "2023.06.27"]
[WhiteClock "0:00:14"]
[BlackClock "0:00:18"]
[Board "49"]

1. e4 d5 2. exd5 Nf6 3. d4 Bg4 4. Be2 Bxe2 5. Qxe2 Qxd5 6. Nf3 Nc6 7. c4 Qe4 8. Nc3 Qxe2+ 9. Kxe2 e6 10. Bf4 O-O-O 11. Rhd1 Bd6 12. Bg5 h6 13. Bxf6 gxf6 14. a3 Rhg8 15. g3 f5 16. b4 Rg4 17. h3 Rgg8 18. Ke3 f4+ 19. gxf4 Ne7 20. c5 Nf5+ 21. Ke4 Be7 22. Rg1 Rxg1 23. Rxg1 Bf6 24. Ne2 Bh8 25. Ne5 Rf8 26. Ng3 Ne7 27. Nf1 Kd8 28. Ne3 Ke8 29. f5 f6 30. Nd3 Kf7 31. fxe6+ Kxe6 32. d5+ Kf7 33. Nf4 Re8 34. Kd4 f5+ 35. Kd3 Be5 36. Nh5 Rd8 37. f4 Nxd5 38. fxe5 Nf4+ 39. Kc4 Nxh5 40. Nxf5 Ke6 41. Nxh6 Kxe5 42. Rg5+ Kf6 43. Rxh5 Kg6 44. Rh4 Kg5 45. Rd4 Rh8 46. Nf7+ 1-0


[Site "https://www.chess.com"]

[Event "Titled Tuesday Blitz June 27 Early 2023"]
[White "Molina, Roberto Junio Brito"]
[Black "Gubajdullin, Alexei"]
[WhiteFideId "2109450"]
[BlackFideId "4141202"]
[WhiteElo "2839"]
[BlackElo "2603"]
[Result "1-0"]
[Round "6"]
[TimeControl "180+2"]
[Date "2023.06.27"]
[WhiteClock "0:00:07"]
[BlackClock "0:00:00"]
[Board "50"]

1. e4 c6 2. d4 d5 3. exd5 cxd5 4. Bd3 Nf6 5. c3 Nc6 6. Bf4 g6 7. Nf3 Bg7 8. O-O O-O 9. Nbd2 Bf5 10. Qe2 Bxd3 11. Qxd3 Nd7 12. Rfe1 e6 13. h4 Qb6 14. Rab1 Qa6 15. Qxa6 bxa6 16. Kf1 a5 17. b3 Rfc8 18. Rbc1 a4 19. Ke2 axb3 20. axb3 a5 21. Kd3 Bf8 22. Ra1 Nb6 23. Ne5 Nxe5+ 24. Bxe5 a4 25. b4 Be7 26. g3 h5 27. Ra2 Kf8 28. Rea1 Ke8 29. Bf4 Kd7 30. Nf1 Rc6 31. Bd2 f6 32. f4 Rcc8 33. Ne3 g5 34. hxg5 fxg5 35. f5 Bd6 36. fxe6+ Kxe6 37. Rh1 Rh8 38. Be1 Raf8 39. Rah2 h4 40. Rh3 a3 41. gxh4 a2 42. Nc2 g4 43. Re3+ Kd7 44. Bg3 Nc4 45. Bxd6 Nxe3 46. Bxf8 Nxc2 47. Kxc2 Rxf8 48. Kb3 Rf2 49. h5 Rh2 50. Rg1 Rg2 51. Re1 Re2 52. Rg1 Rg2 53. Ra1 g3 54. h6 Rh2 55. Rxa2 Rxh6 56. Ra7+ Kc8 57. Rg7 Rh3 58. b5 Kb8 59. Kb4 Kc8 60. Kc5 g2 61. Rg8+ Kb7 62. Rg7+ Kb8 63. Rxg2 Rxc3+ 64. Kxd5 Kb7 65. Rg6 Rc1 66. Rc6 Rb1 67. Rc5 Rd1 68. Ke5 Re1+ 69. Kd6 Rd1 70. d5 Kb6 71. Rc2 Kxb5 72. Ke6 Re1+ 73. Kd7 Kb6 74. d6 Kb7 75. Kd8 Kb8 76. d7 Kb7 77. Rb2+ Ka7 78. Rb4 Re2 79. Kc7 Rc2+ 80. Kd6 Rd2+ 81. Kc6 Rd1 82. Rb5 Rc1+ 83. Rc5 Rd1 84. Rd5 Rc1+ 85. Kd6 Rb1 86. d8=R Rb6+ 87. Ke5 Rb1 88. R8d6 Re1+ 89. Kf6 Rf1+ 90. Ke7 Re1+ 91. Re6 Rc1 92. Rb5 1-0


[Site "https://www.chess.com"]

[Event "Titled Tuesday Blitz June 27 Early 2023"]
[White "infinitypoint"]
[Black "Bharath Subramaniyam H"]
[BlackFideId "46634827"]
[WhiteElo "2612"]
[BlackElo "2820"]
[Result "0-1"]
[Round "6"]
[TimeControl "180+2"]
[Date "2023.06.27"]
[WhiteClock "0:00:00"]
[BlackClock "0:00:23"]
[Board "51"]

1. d4 Nf6 2. c4 e6 3. Nc3 Bb4 4. e3 O-O 5. Bd3 d5 6. Ne2 b6 7. O-O Bb7 8. cxd5 exd5 9. a3 Be7 10. Ng3 Re8 11. Nce2 Nbd7 12. Nf4 Bf8 13. Nfh5 g6 14. Nf4 Rc8 15. Qe2 c5 16. dxc5 bxc5 17. Ba6 Qb6 18. Bxb7 Qxb7 19. Qc2 Bg7 20. Bd2 h5 21. Rab1 h4 22. Nge2 d4 23. Qd1 g5 24. Nd3 c4 25. Nb4 d3 26. Nd4 h3 27. gxh3 Ne4 28. Bc3 Ne5 29. f4 gxf4 30. exf4 Ng6 31. Qg4 a5 32. Na2 Nf6 33. Qg3 Nd5 34. f5 Re3 35. Qg5 Qe7 36. Qxe7 Ngxe7 37. Rbe1 Rxe1 38. Rxe1 Nxc3 39. bxc3 Nd5 40. Nb5 Rd8 41. Kf2 Nf4 42. Kf3 Bh6 43. Nd4 d2 44. Rg1+ Kf8 45. Rd1 Nd3 46. Ke2 Re8+ 47. Kf3 Re1 48. Rxd2 Bxd2 0-1


[Site "https://www.chess.com"]

[Event "Titled Tuesday Blitz June 27 Early 2023"]
[White "Harsh Suresh"]
[Black "Girya, Olga"]
[WhiteFideId "45018464"]
[BlackFideId "4195752"]
[WhiteElo "2809"]
[BlackElo "2614"]
[Result "1-0"]
[Round "6"]
[TimeControl "180+2"]
[Date "2023.06.27"]
[WhiteClock "0:00:16"]
[BlackClock "0:00:00"]
[Board "52"]

1. e4 e5 2. Nf3 Nc6 3. Bb5 a6 4. Ba4 Nf6 5. O-O Nxe4 6. Re1 Nc5 7. Nxe5 Be7 8. Bb3 Nxb3 9. axb3 Nxe5 10. Rxe5 O-O 11. d4 d5 12. Nc3 c6 13. Bf4 Bd6 14. Qd2 Bxe5 15. Bxe5 f6 16. Bg3 Re8 17. Na4 Bf5 18. c4 b5 19. Nc5 bxc4 20. bxc4 dxc4 21. Nb7 Qd5 22. h4 c5 23. Nxc5 Rad8 24. Qf4 Bg6 25. Rxa6 Qxd4 26. Qxd4 Rxd4 27. Rc6 Rd1+ 28. Kh2 Rd2 29. Nb7 Be4 30. Rc7 Bxb7 31. Rxb7 h5 32. Rb5 Ree2 33. Rc5 Rc2 34. Kh3 Kf7 35. Kh2 Kg6 36. Rc7 Re4 37. Rb7 Rg4 38. Kh3 Rd4 39. Kh2 Rd1 40. Rb6 Rcc1 41. Bf4 Rh1+ 42. Kg3 Rcd1 43. Rc6 Rd3+ 44. Be3 Rc1 45. Rb6 Rc2 46. Kh2 Rb3 47. Rc6 Rbxb2 48. Rc7 Rb3 49. Bc5 c3 50. Bf8 Rxf2 51. Rxg7+ Kf5 52. Rc7 c2 53. Bh6 Rd3 54. Kg1 Re2 55. Kf1 Red2 56. Kg1 Rd1+ 57. Kh2 c1=Q 58. Bxc1 Rd7 59. Rc5+ R7d5 60. Rc6 R5d4 61. Kg3 R4d3+ 62. Kh2 Rd4 63. Kg3 R1d3+ 64. Kf2 Rxh4 65. Bb2 Rf4+ 66. Kg1 Kg4 67. Kh2 Rd2 68. Bc1 Rf3 69. Bxd2 Rf2 70. Bc3 h4 71. Rxf6 1-0


[Site "https://www.chess.com"]